noty, neutral male scurrid Tourist --- V`@`cc h aYWY n hXYYHc GvuY fc noty the Rambler Experience level: 1 Strength: 11 Dexterity: 14 Constitution: 14 Intelligence: 15 Wisdom: 8 Charisma: 13 Health: 0(9) Energy: 2(2) Def: 0 Gold: 147 Moves: 73 Dungeon seed: 0NeB03fFKz8WHAHp Game ID: noty_1498607982 Your Inventory: Coins $ - 147 gold pieces Weapons a - 38 uncursed +2 darts (in quiver) Armor e - an uncursed +0 Hawaiian shirt (being worn) Comestibles b - 4 uncursed food rations c - 2 uncursed chestnuts d - 2 uncursed tripe rations f - 2 uncursed candy bars g - 2 uncursed eggs Scrolls i - 4 uncursed scrolls of magic mapping Potions h - 2 uncursed potions of extra healing Wands l - an uncursed wand of secret door detection (0:13) Tools j - an uncursed expensive camera (0:79) k - an uncursed credit card m - an uncursed leash Spells and supernatural/magical abilities: Name Level Category Fail Memory W - pray for help -- divine ? -- Your skills at the end: Miscellaneous Skills wands [Basic] Weapon Skills dart [Basic] Spellcasting Skills Final Attributes: You were devoutly aligned. You had infravision. You were very stealthy. You are dead. Vanquished creatures: a kobold Voluntary challenges: You went without food. You did not adorn yourself with jewelry or accessories. You did not cause conflict. You were not invisible. You did not have reflection. You were not displaced. You were an atheist. You never hit with a wielded weapon. You were a pacifist. You did not use tools. You did not use plumbed fixtures. You did not drink any magical draughts. You were illiterate. You never genocided any monsters. You never polymorphed an object. You never changed form. You used no wishes. You never split a pudding. You never wrote Elbereth's name. You never violated your personal moral code. Dungeon overview: The Dungeons of Doom: levels 1 to 21 Level 1 a long staircase Level 2 Level 3 Level 4 Level 5 Level 6 Level 7 Level 8 Level 9 a fountain a long staircase Level 10 Level 11 Level 12 Level 13 Level 14 Level 15 Level 16 Level 17 Level 18 Level 19 Level 20 Level 21 <- You were here History has recorded: On T:1 you entered the Dungeons of Doom to retrieve the Amulet of Yendor! On T:26 you reached level 2 of The Dungeons of Doom. On T:28 you reached level 3 of The Dungeons of Doom. On T:31 you reached level 4 of The Dungeons of Doom. On T:33 you reached level 5 of The Dungeons of Doom. On T:35 you reached level 6 of The Dungeons of Doom. On T:37 you reached level 7 of The Dungeons of Doom. On T:40 you reached level 8 of The Dungeons of Doom. On T:42 you reached level 9 of The Dungeons of Doom. On T:44 you reached level 10 of The Dungeons of Doom. On T:48 you reached level 11 of The Dungeons of Doom. On T:50 you reached level 12 of The Dungeons of Doom. On T:52 you reached level 13 of The Dungeons of Doom. On T:55 you reached level 14 of The Dungeons of Doom. On T:57 you reached level 15 of The Dungeons of Doom. On T:57 you entered the Rogue tribute level. On T:59 you reached level 16 of The Dungeons of Doom. On T:61 you reached level 17 of The Dungeons of Doom. On T:64 you reached level 18 of The Dungeons of Doom. On T:66 you reached level 19 of The Dungeons of Doom. On T:70 you reached level 20 of The Dungeons of Doom. On T:72 you reached level 21 of The Dungeons of Doom. Score breakdown: Gold: 15 ( 1 points) Experience: 1 level ( 0 points) Exploration: 21 levels ( 600 points) Discoveries: 0 items ( 0 points) Variety of kills: 1 monster ( 50 points) Major goal: (nothing yet) ( 0 points) Survival: died (score multiplied by 3) Total score: 1953 Latest messages: You dig a pit in the floor. You continue digging downward. You dig a hole through the floor. You fall through... You start digging downward. You continue digging downward. You dig a pit in the floor. You continue digging downward. You dig a hole through the floor. You fall through... Welcome to David's treasure zoo! You see here a statue of a jitterbug. The barrow wight wields a long sword! The air crackles around the barrow wight. The barrow wight claws you! You start digging downward. The barrow wight swings his long sword at you. The barrow wight hacks you! The barrow wight points all around, then curses. The barrow wight claws you! The yeti claws you! (2x) You die... Final status: Aloha noty the Tourist, killed by a yeti... You died in The Dungeons of Doom on dungeon level 21 with 1953 points, and 147 pieces of gold, after 73 moves. You were level 1 with a maximum of 9 hit points when you died.